 Dungeon Crawl Stone Soup version 0.26.1-11-gd32895ea62 (webtiles) character file.

Game seed: 10596212387449705640

364 seveneves the Cutter (level 6, -1/50 HPs)
             Began as a Vampire Gladiator on July 15, 2021.
             Was a Follower of Okawaru.
             Slain by a worm (6 damage)
             ... on level 4 of the Dungeon.
             The game lasted 00:36:38 (2985 turns).

seveneves the Cutter (Vampire Gladiator)            Turns: 2985, Time: 00:36:38

Health: -1/50      AC:  7    Str: 15    XL:     6   Next: 39%
Magic:  6/6        EV: 11    Int: 16    God:    Okawaru [*.....]
Gold:   190        SH:  0    Dex: 16    Spells: 5/5 levels left

rFire    . . .     SeeInvis +   A - +1 dagger (venom)
rCold    . . .     Faith    .   (no shield)
rNeg     . . .     Spirit   .   z - +0 scale mail
rPois    +         Reflect  .   c - +0 helmet
rElec    .         Harm     .   (no cloak)
rCorr    .         Rampage  .   (no gloves)
Will     .....     Clarity  +   (no boots)
Stlth    ..........             (no amulet)
HPRegen  0.36/turn              I - +6 ring of intelligence
MPRegen  0.10/turn              (no ring)

@: brilliant, regenerating quickly
A: fangs 3, see invisible, clarity, poison resistance, robust 1, screaming 1,
unbreathing
a: Exsanguinate, Renounce Religion, Heroism


You were on level 4 of the Dungeon.
You worshipped Okawaru.
Okawaru was aware of your devotion.
You visited 1 branch of the dungeon, and saw 4 of its levels.

You collected 190 gold pieces.

Inventory:

Hand Weapons
 a - a +0 rapier
 g - a +0 short sword
 h - a +0 dagger
 i - a +0 dagger
 j - a cursed -1 hand axe
 l - a +0 short sword
 o - a +0 short sword
 p - a +2 dagger of speed
 u - a +0 hunting sling
 v - a +0 trident
 x - a +0 spear
 y - a +3 flail
 A - a +1 dagger of venom (weapon)
 J - a +0 dagger
 M - a +0 glaive
Missiles
 d - 3 throwing nets
 m - 109 stones
 n - 26 sling bullets
 r - 36 bolts
 t - 7 poisoned darts (quivered)
 B - 57 arrows
Armour
 b - a +0 leather armour
 c - a +0 helmet (worn)
 e - a +0 ring mail
 k - a +0 ring mail
 s - a +0 ring mail
 z - a +0 scale mail (worn)
 E - a +0 plate armour
 G - a +0 scale mail
Jewellery
 I - a +6 ring of intelligence (left hand)
 N - a cursed amulet of inaccuracy {unknown}
 P - an uncursed ring of protection from fire {unknown}
Wands
 w - a wand of polymorph (6)
 F - a wand of flame (22)
Scrolls
 f - a scroll of teleportation
 q - a scroll of fog
 H - 5 scrolls of identify
 K - a scroll of fear {unknown}
 O - a scroll of immolation
 Q - 2 scrolls of magic mapping {unknown}
Potions
 D - a potion of attraction


   Skills:
 + Level 2.5 Fighting
 * Level 4.8 Short Blades
 + Level 2.8 Maces & Flails
 + Level 2.0 Throwing
 + Level 1.7 Armour
 + Level 4.2 Dodging
 - Level 0.1 Stealth


You had 5 spell levels left.
You didn't know any spells.
Your spell library was empty.

Dungeon Overview and Level Annotations

Branches:
Dungeon (4/15)
 Temple: D:4-7

Altars:
Okawaru

Portals:
Sewer: D:4


Innate Abilities, Weirdness & Mutations

Your natural rate of healing is unusually fast.
You have razor-sharp teeth.
You have supernaturally acute eyesight. (SInv)
You can survive without breathing.
You possess an exceptional clarity of mind.
Your system is resistant to poisons. (rPois)
You are robust. (+10% HP)
You occasionally shout uncontrollably at your foes.


Message History

You hit the worm.
The worm looks as sick as possible!
The worm is severely wounded.
You hit the worm.
You kill the worm!
Okawaru accepts your kill.
You hit the worm.
The worm is poisoned.
The worm is lightly wounded.
The worm closely misses you.
You hit the worm.
The worm looks as sick as possible!
The worm is lightly wounded.
You hit the worm but do no damage.
The worm is moderately wounded.
The worm bites you.
* * * LOW HITPOINT WARNING * * *
You hit the worm.
The worm looks as sick as possible!
The worm is severely wounded.
You hit the worm but do no damage.
The worm looks as sick as possible!
The worm is severely wounded.
The worm bites you.
You die...

#≈≈.#####≈≈###
#.(≈≈≈≈≈≈≈...#
#.≈≈≈≈≈≈≈....#
#≈≈∩####...#
#≈≈##......#
#≈(#...###.#
#≈≈#.......#
###≈†#...###.#
##≈≈w@..##
##≈.....#
###.^...#
#..#### ####


You could see a worm (extremely poisoned).

Vanquished Creatures
  An ogre (D:4)
  A howler monkey (D:4)
  An orc priest (D:4)
  2 worker ants (D:4)
  4 adders
  A gnoll (D:3)
  An ufetubus (D:3)
  2 oozes (D:1)
  An adder skeleton (D:4)
  5 worms
  4 dart slugs
  13 orcs
  A ball python (D:1)
  A giant cockroach (D:1)
  8 goblins
  3 hobgoblins
  3 jackals (D:1)
  8 bats
  5 frilled lizards
  8 kobolds
  7 rats
80 creatures vanquished.

Notes
Turn   | Place    | Note
-------+----------+-------------------------------------------
     0 | D:1      | seveneves the Vampire Gladiator began the quest for the
                  | Orb.
     0 | D:1      | Reached XP level 1. HP: 16/16 MP: 1/1
   106 | D:1      | Reached XP level 2. HP: 22/22 MP: 2/2
   479 | D:1      | Reached XP level 3. HP: 26/27 MP: 3/3
  1727 | D:2      | Reached XP level 4. HP: 33/33 MP: 4/4
  1948 | D:3      | Reached skill level 1 in Armour
  2475 | D:3      | Reached skill level 1 in Maces & Flails
  2475 | D:3      | Reached XP level 5. HP: 38/38 MP: 5/5
  2479 | D:3      | Found an iron altar of Okawaru.
  2520 | D:3      | Became a worshipper of Warmaster Okawaru
  2937 | D:4      | Noticed an ogre
  2951 | D:4      | Reached XP level 6. HP: 29/45 MP: 6/6
  2956 | D:4      | Found a glowing drain.
  2956 | D:4      | Reached * piety under Okawaru
  2965 | D:4      | Gained mutation: Your system is resistant to poisons.
                  | (rPois) [potion of mutation]
  2965 | D:4      | Gained mutation: You occasionally shout uncontrollably at
                  | your foes. [potion of mutation]
  2965 | D:4      | Gained mutation: You are robust. (+10% HP) [potion of
                  | mutation]
  2965 | D:4      | Gained mutation: You possess an exceptional clarity of
                  | mind. [potion of mutation]
  2985 | D:4      | Slain by a worm

Illustrated notes

Levels and vault maps discovered:
D:1:      wander_arrival_chamber, layout_basic, amethyst_killhole
D:2:      layout_basic, bh_walls_and_bars
D:3:      layout_loops_ring, okawaru_altar_gauntlet_db, serial_park_tiny_pond
D:4:      minmay_chambers_of_twos, layout_cave_pools, elyvilon_altar_1,
          cheibrodos_sewer_entry_bend, uniq_edmund

Skill      XL: |  1  2  3  4  5  6 |
---------------+-------------------+-----
Short Blades   | 4 |  4.8
Fighting       | 2 |  2.5
Armour         | 1 |  1.7
Dodging        | 4 |  4.2
Maces & Flails | 1 2 |  2.8
Throwing       | 2 |  2.0
Stealth        | |  0.1

Action                   |  1- 3 |  4- 6 || total
-------------------------+-------+-------++-------
Melee: Rapier            |    84 |    26 ||   110
       Bite              |    12 |    10 ||    22
       Dagger            |    15 |    20 ||    35
       Flail             |       |    62 ||    62
Throw: Dart              |     8 |    16 ||    24
  Use: Scroll            |     2 |     6 ||     8
       Potion            |     2 |     2 ||     4
 Stab: Sleeping          |     1 |       ||     1
Armor: Leather armour    |    43 |       ||    43
       Ring mail         |     3 |     3 ||     6
       Scale mail        |       |    29 ||    29
Dodge: Dodged            |    74 |    53 ||   127
